 Dungeon Crawl Stone Soup version 0.27.1-34-g3ba077fa99 (webtiles) character file.

Game seed: 17255389713727702808

47 cbfl8 the Sneak (level 3, -8/33 HPs)
             Began as a Minotaur Delver on Jan 16, 2022.
             Killed by divine providence
             ... invoked by an orc priest
              (14 damage)
             ... on level 3 of the Dungeon.
             The game lasted 00:02:30 (586 turns).

cbfl8 the Sneak (Minotaur Delver)                    Turns: 586, Time: 00:02:31

Health: -8/33      AC:  3    Str: 16    XL:     3   Next: 48%
Magic:  2/2        EV: 12    Int:  8    God:
Gold:   14         SH:  0    Dex: 11    Spells: 2/2 levels left

rFire    . . .     SeeInvis .   a - +0 hand axe
rCold    + . .     Faith    .   (no shield)
rNeg     . . .     Spirit   .   b - +0 leather armour
rPois    .         Reflect  .   (helmet restricted)
rElec    .         Harm     .   (no cloak)
rCorr    .         Rampage  .   (no gloves)
Will     .....                  (no boots)
Stlth    ++........             (no amulet)
HPRegen  0.11/turn              j - ring of protection from cold
MPRegen  0.08/turn              (no ring)

@: no status effects
A: horns 2, retaliatory headbutt
a: no special abilities


You were on level 3 of the Dungeon.
You visited 1 branch of the dungeon, and saw 3 of its levels.

You collected 14 gold pieces.

Inventory:

Hand Weapons
 a - a +0 hand axe (weapon)
Missiles
 m - 18 arrows
Armour
 b - a +0 leather armour (worn)
Jewellery
 j - a ring of protection from cold (left hand)
Wands
 g - a wand of digging (3)
 k - a wand of iceblast (8)
Scrolls
 c - a scroll of fog
 e - a scroll of fear
 h - 3 scrolls of amnesia {unknown}
 i - a scroll of teleportation {unknown}
Potions
 f - a potion of haste
 l - a potion of attraction {unknown}


   Skills:
 + Level 4.0 Fighting
 + Level 2.7 Axes
 + Level 0.2 Armour
 + Level 2.3 Dodging
 + Level 4.9 Stealth


You had 2 spell levels left.
You didn't know any spells.
Your spell library was empty.

Dungeon Overview and Level Annotations

Branches:
Dungeon (5/15)
 Temple: D:4-7

Altars:

Annotations:
D:4 Dowan, Duvessa


Innate Abilities, Weirdness & Mutations

You have a pair of horns on your head.
You reflexively headbutt those who attack you in melee.


Message History

Found a scroll labelled YBAEMOGIEN.
Found a scroll labelled YNKAPT ZOSUEZ.
Found 13 gold pieces.
An endoplasm comes into view.
Found two long swords and 10 stones.
Found a stone staircase leading up.
The endoplasm quivers.
You barely miss the endoplasm. The endoplasm barely misses you.
You hit the endoplasm.
The endoplasm is almost dead.
The endoplasm hits you but does no damage.
You slash the endoplasm!
You kill the endoplasm!
Found a stone staircase leading up.
An orc priest comes into view. It is wielding a +0 club.
An orc comes into view. It is wielding a +0 mace.
An orc comes into view. It is wielding a +0 falchion.
Found a stone staircase leading down.
Found 14 gold pieces.
A bat comes into view.
The orc priest calls down the wrath of Beogh upon you.
Beogh smites you! The bat misses you. The bat barely misses you.
The bat closely misses you. The bat closely misses you.
The bat hits you but does no damage.
You see here 14 gold pieces.
The bat hits you.
You closely miss the bat. Your headbutt misses the bat. The bat misses you.
The bat closely misses you. The bat completely misses you.
You hit the bat.
You kill the bat!
You see here a bat corpse.
The orc priest mumbles some strange prayers to Beogh against you.
Beogh smites you!
* * * LOW HITPOINT WARNING * * *
You hear the slow rusting of a drain very nearby.
The orc priest calls down the wrath of Beogh upon you.
Beogh smites you!
You die...

*****,,,,,,,*,* *,**,* *
*,,,,,*******,****,**,* #
**,**,,,,,,,,,,,**,**,**** #
*,**,******,,,∩,,,**,,,,, #
*,**,**####,*****,,,,***, #
*.#*,,,...#***********,,, #
#####.#****#..*≈≈≈≈≈≈*≈≈≈*,,,
#####>.o..###**#.#******≈*≈*≈*≈,,
...##........,*#@#*≈≈≈≈*≈*≈*≈*≈,,
.............,*#.#*≈**≈≈≈≈≈*≈≈≈≈,
...##.o..o...,*#.#********≈*≈*≈,,
....<........,*#.#*≈≈≈≈≈≈≈≈*≈≈≈,,
.............,*#.#**≈*******≈*,,,
.......#######*#.# *≈≈≈≈≈≈∩*≈≈≈,,
....##.......###.# *********≈≈,,,
###.##.......#.o.######********,*
*,..##...o..$...........,,,,,,,,*


You could see an orc priest.

Vanquished Creatures
  An iguana (D:4)
  2 adders
  2 bats (D:3)
  2 endoplasms (D:3)
  A goblin (D:3)
  A quokka skeleton (D:4)
9 creatures vanquished.

Notes
Turn   | Place    | Note
-------+----------+-------------------------------------------
     0 | D:5      | cbfl8 the Minotaur Delver began the quest for the Orb.
     0 | D:5      | Reached XP level 1. HP: 19/19 MP: 0/0
    77 | D:4      | Noticed an iguana
    80 | D:4      | Killed an iguana
    81 | D:4      | Reached XP level 2. HP: 27/27 MP: 1/1
   322 | D:4      | Reached XP level 3. HP: 25/33 MP: 2/2
   467 | D:4      | Noticed Duvessa
   470 | D:4      | Noticed Dowan
   586 | D:3      | Killed from afar by an orc priest

Illustrated notes

Levels and vault maps discovered:
D:3:      layout_basic, lightli_sewer_entry_pipes,
          shapermc_ecumenical_altar_acropolis, serial_shops, shop,
          minmay_misc_feat_diagonals, minmay_misc_feat_pillars,
          lexackson_kobold_supper
D:4:      layout_loops_ring, uniq_pikel, uniq_sigmund, uniq_duvessa
D:5:      kennysheep_spiral_hall, layout_loops_corners

Skill      XL: |  1  2  3 |
---------------+----------+-----
Fighting       | 4 |  4.0
Axes           | |  2.7
Armour         | |  0.2
Dodging        | |  2.3
Stealth        | |  4.9

Action                   || total
-------------------------++-------
Melee: Hand axe          ||    19
       Headbutt          ||     3
  Use: Scroll            ||     1
Armor: Leather armour    ||     9
Dodge: Dodged            ||    36
